AoeStats
← WildesPony

Black Forest

510146153Analyzed
3v3 RM · 3d ago on Sep 29, 2026· 60m 35s· 6 players
Game mode
Random Map
Map size
Normal (6 player)
Population
200
Speed
Normal
Resources
Standard
Victory
Conquest
Starting age
Dark Age
Ending age
Imperial Age
RankedLock teamsTeams togetherTeam positionsShared explorationLock speedFull tech treeHidden civsTurbo modeCheats
Victory
Defeat
🇿🇦 Khmer · South Africa
961
+13
🇿🇦 Persians · South Africa
960
+14
🇿🇦 Mongols · South Africa
948
+14
🇩🇪 Britons · Germany
911
-13
🇩🇪 Bohemians · Germany
903
-14
🇩🇪 Spanish · Germany
902
-14
WildesPony
13:20 Feudal Age
21:54 Castle Age
20:32 Horse Collar
20:54 Double-Bit Axe
21:08 Gold Mining
21:32 Stone Mining
23:05 Caravan
25:13 Wheelbarrow
25:18 Heavy Plow
28:16 Bow Saw
30:42 Hand Cart
33:06 Ballistics
36:16 Imperial Age
34:41 Elite Skirmisher
37:22 Conscription
38:08 Chemistry
37:28 Fortified Wall
38:42 Pikeman
39:22 Squires
40:12 Fletching
40:23 Padded Archer Armor
40:24 Scale Mail Armor
40:34 Forging
41:35 Two-Man Saw
40:07 Halberdier
40:29 Onager
44:08 Elite Longbowman
45:18 Yeomen
44:58 Warwolf
45:34 Hoardings
FlashBen
13:26 Feudal Age
19:14 Castle Age
17:32 Double-Bit Axe
17:42 Horse Collar
21:27 Bow Saw
22:35 Forging
25:08 Town Watch
26:21 Wheelbarrow
28:49 Hand Cart
29:30 Scale Mail Armor
28:55 Pikeman
34:47 Imperial Age
33:20 Iron Casting
32:52 Scale Barding Armor
34:20 Chemistry
33:39 Town Patrol
33:58 Caravan
33:35 Elite Skirmisher
34:26 Husbandry
34:34 Squires
36:39 Two-Man Saw
36:26 Conscription
37:20 Blast Furnace
36:30 Houfnice
37:01 Onager
38:04 Wagenburg Tactics
38:23 Ballistics
37:55 Halberdier
38:05 Cavalier
39:01 Heavy Plow
40:40 Masonry
41:32 Siege Engineers
41:39 Fortified Wall
42:53 Chain Mail Armor
42:58 Chain Barding Armor
49:20 Hussite Reforms
Graf von Schmusestadt
13:31 Feudal Age
15:14 Wheelbarrow
14:26 Double-Bit Axe
20:06 Castle Age
18:37 Gold Mining
19:39 Stone Mining
21:24 Hand Cart
21:22 Bow Saw
23:05 Horse Collar
27:23 Heavy Plow
31:39 Stone Shaft Mining
31:27 Husbandry
31:38 Bloodlines
35:03 Imperial Age
33:20 Fortified Wall
35:28 Scale Barding Armor
35:23 Scale Mail Armor
35:17 Arson
35:21 Onager
38:05 Two-Man Saw
36:34 Cavalier
37:36 Chain Mail Armor
37:41 Chain Barding Armor
38:05 Caravan
38:44 Conscription
41:02 Town Watch
41:05 Loom
41:21 Paladin
43:03 Chain Barding Armor
43:13 Plate Mail Armor
60:21 Plate Barding Armor
Lord Ally
0:30 Loom
10:41 Feudal Age
11:07 Horse Collar
11:14 Double-Bit Axe
16:54 Castle Age
16:46 Stone Mining
19:09 Wheelbarrow
18:46 Heavy Plow
21:16 Bow Saw
23:37 Gold Mining
25:10 Caravan
26:54 Gold Shaft Mining
27:53 Fortified Wall
28:09 Murder Holes
30:22 Stone Shaft Mining
31:02 Ballistics
30:36 Fletching
34:17 Imperial Age
32:33 Husbandry
32:43 Bloodlines
33:08 Scale Barding Armor
34:15 Hand Cart
33:44 Light Cavalry
36:22 Chemistry
35:00 Heavy Scorpion
36:52 Crop Rotation
36:48 Siege Engineers
38:02 Double Crossbow
37:50 Capped Ram
38:59 Conscription
39:35 Chain Barding Armor
39:26 Forging
39:09 Elite Ballista Elephant
39:47 Hussar
42:52 Iron Casting
42:36 Siege Ram
44:38 Blast Furnace
44:28 Elite Battle Elephant
59:21 Plate Barding Armor
58:42 Bodkin Arrow
Kranskabeljou
0:27 Loom
15:52 Feudal Age
16:44 Horse Collar
20:01 Castle Age
18:11 Double-Bit Axe
18:28 Stone Mining
18:55 Gold Mining
20:19 Wheelbarrow
21:06 Town Watch
21:40 Bow Saw
23:35 Stone Shaft Mining
25:41 Gold Shaft Mining
28:33 Husbandry
28:43 Bloodlines
30:07 Hand Cart
34:21 Imperial Age
32:16 Town Patrol
33:17 Kamandaran
32:40 Crossbowman
32:42 Light Cavalry
34:21 Scale Barding Armor
34:48 Ballistics
34:31 Caravan
34:48 Forging
34:44 Scale Barding Armor
35:42 Chemistry
35:05 Ballistics
34:42 Fletching
35:00 Heavy Plow
36:09 Two-Man Saw
35:38 Conscription
34:41 Cavalier
36:43 Crop Rotation
37:16 Two-Man Saw
36:31 Guilds
37:37 Iron Casting
37:07 Scale Barding Armor
36:53 Fletching
37:04 Padded Archer Armor
37:19 Masonry
37:42 Hussar
40:14 Elite War Elephant
41:33 Chain Barding Armor
42:31 Blast Furnace
41:55 Thumb Ring
42:01 Bodkin Arrow
42:33 Leather Archer Armor
43:27 Citadels
44:13 Heavy Camel Rider
45:29 Savar
56:09 Plate Barding Armor
56:10 Ring Archer Armor
GrayFoxTrot
0:48 Loom
14:21 Feudal Age
18:45 Double-Bit Axe
23:05 Castle Age
21:10 Stone Mining
21:15 Gold Mining
21:07 Horse Collar
24:56 Husbandry
25:07 Bloodlines
25:23 Heavy Plow
29:25 Nomads
30:19 Wheelbarrow
30:01 Bow Saw
31:37 Fortified Wall
31:23 Murder Holes
31:50 Ballistics
37:21 Imperial Age
35:28 Hand Cart
36:57 Stone Shaft Mining
37:03 Gold Shaft Mining
37:21 Caravan
39:38 Chemistry
38:51 Thumb Ring
39:35 Masonry
40:07 Conscription
40:10 Padded Archer Armor
40:02 Fletching
41:16 Elite Mangudai
42:51 Drill
43:31 Capped Ram
44:50 Siege Ram
53:47 Leather Archer Armor
53:27 Bodkin Arrow
Connection lost

Rejoining the realm…

Still unreachable

The connection could not be restored.

Session expired

The server has moved on; the page needs a fresh start.